 Dungeon Crawl Stone Soup version 0.21.1-1-g345015fe64 (webtiles) character file.

1232 Ingvold the Chopper (level 8, -3/70 HPs)
             Began as a Hill Orc Fighter on May 18, 2018.
             Slain by an orc warrior
             ... wielding a +0 glaive
              (17 damage)
             ... on level 3 of the Dungeon.
             The game lasted 00:14:09 (2954 turns).

Ingvold the Chopper (Hill Orc Fighter)              Turns: 2954, Time: 00:14:10

Health: -3/70      AC: 13    Str: 21    XL:     8   Next: 48%
Magic:  8/8        EV:  8    Int:  8    God:
Gold:   139        SH: 10    Dex: 10    Spells: 7/7 levels left

rFire    . . .     SeeInvis +   a - +0 war axe
rCold    . . .     Gourm    +   c - +0 shield
rNeg     . . .     Faith    .   b - +0 scale mail
rPois    .         Spirit   .   q - +2 helmet {SInv}
rElec    .         Reflect  .   (no cloak)
rCorr    .         Harm     .   x - +0 pair of gloves (curse)
MR       .....                  j - +0 pair of boots
Stlth    ..........             p - amulet of the gourmand
HPRegen  0.21/turn              (no ring)
MPRegen  0.11/turn              (no ring)

@: hasted, very quick
A: no striking features
a: no special abilities


You were on level 3 of the Dungeon.
You were very full.

You visited 1 branch of the dungeon, and saw 5 of its levels.

You collected 139 gold pieces.

Inventory:

Hand Weapons
 a - a +0 war axe (weapon)
Armour
 b - a +0 scale mail (worn)
 c - a +0 shield (worn)
 j - a +0 pair of boots (worn)
 q - a +2 helmet of see invisible (worn)
 x - a cursed +0 pair of gloves (worn)
Jewellery
 p - an amulet of the gourmand (around neck)
Wands
 s - a wand of paralysis (10)
Scrolls
 h - a scroll of blinking
 i - a scroll of fog {unknown}
 l - a scroll of fear {unknown}
 n - a scroll of magic mapping
 r - a scroll of remove curse {unknown}
 w - a scroll of teleportation {unknown}
Potions
 d - 2 potions of mutation {unknown}
 g - a potion of haste
 k - a potion of degeneration {unknown}
 m - 2 potions of berserk rage
 t - 2 potions of flight {unknown}
 u - a potion of agility {unknown}
 v - 2 potions of resistance {unknown}
Comestibles
 f - 5 rations
 o - a chunk of flesh


   Skills:
 + Level 5.7 Fighting
 * Level 7.4 Axes
 * Level 6.6 Armour
 * Level 6.6 Shields
 + Level 0.4 Evocations


You had 7 spell levels left.
You didn't know any spells.

Dungeon Overview and Level Annotations

Branches:
Dungeon (5/15)
 Temple: D:4-7

Altars:


Message History

The orc warrior is heavily wounded.
The orc warrior barely misses you.
You closely miss the orc warrior.
The orc warrior is heavily wounded.
You hit the orc warrior but do no damage.
The orc warrior is heavily wounded.
The orc warrior barely misses you.
You hit the orc warrior.
The orc warrior is severely wounded.
The orc warrior hits you with a glaive!
You slash the orc warrior!
The orc warrior is almost dead.
You closely miss the orc warrior.
The orc warrior is almost dead.
The orc warrior hits you with a glaive!
* * * LOW HITPOINT WARNING * * *
You barely miss the orc warrior.
The orc warrior is almost dead.
The orc warrior hits you with a glaive!
You die...

......[..........'.........+,,,,,
#.#########...####.........#***,,
#.# #..## ##.......##**,,* #.#
#.## ##.....##*,,,,, #.# #.#
##...## *,***, #.# #.# *#o##
*,*,*, #.# ####.### #)# *,***,
#.# #......########.# *,,,,, #.#
#.##.#.#.@oo....######,,** ..#
#,*#.#.#.#####.........,,, ###
*,*#........#.....#####***
*,*###.#.##.##...##
*,***#.#.#*,....##
*,,,,..#.#**###.#
****####.#****#.# #..,,,,..#
###*****##


You could see an orc warrior and an orc.

Vanquished Creatures
  The ghost of Gobser the Poker, a novice GnWn of Okawaru (D:5)
  The ghost of taffy the Cleaver, a novice HOFi of Ashenzari (D:4)
  Sigmund (D:2)
  A howler monkey (D:5)
  A hound (D:4)
  Jessica (D:2)
  2 worker ants (D:4)
  An iguana (D:4)
  Ijyb (D:3)
  A killer bee zombie (D:5)
  A hound skeleton (D:4)
  3 adders
  A shadow imp (D:5)
  An ooze (D:1)
  A worm (D:4)
  6 leopard geckos
  4 orcs
  2 ball pythons
  3 giant cockroaches
  5 goblins
  8 hobgoblins
  4 jackals (D:1)
  4 quokkas
  7 bats
  8 frilled lizards
  6 kobolds
  10 rats
85 creatures vanquished.

Notes
Turn   | Place    | Note
-------+----------+-------------------------------------------
     0 | D:1      | Ingvold the Hill Orc Fighter began the quest for the Orb.
     0 | D:1      | Reached XP level 1. HP: 19/19 MP: 1/1
    90 | D:1      | Reached skill level 3 in Axes
    90 | D:1      | Reached XP level 2. HP: 21/27 MP: 2/2
   248 | D:1      | Reached XP level 3. HP: 18/33 MP: 3/3
   845 | D:2      | Noticed Jessica
   860 | D:2      | HP: 1/33 [Jessica/nerve-wracking pain (11)]
   866 | D:2      | Killed Jessica
   866 | D:2      | Reached XP level 4. HP: 37/40 MP: 4/4
  1163 | D:2      | Reached skill level 4 in Axes
  1191 | D:2      | Noticed Sigmund
  1205 | D:2      | Killed Sigmund
  1205 | D:2      | Reached XP level 5. HP: 47/47 MP: 5/5
  1205 | D:2      | Reached XP level 6. HP: 53/53 MP: 6/6
  1403 | D:3      | Noticed Ijyb
  1421 | D:3      | Paralysed by Ijyb for 5 turns
  1432 | D:3      | Killed Ijyb
  1432 | D:3      | Reached skill level 5 in Axes
  1545 | D:3      | Noticed an orc warrior
  1737 | D:4      | Noticed taffy's ghost (novice HOFi)
  1742 | D:5      | Entered Level 5 of the Dungeon
  1759 | D:5      | Reached skill level 5 in Armour
  1759 | D:5      | Reached skill level 5 in Shields
  1870 | D:5      | Noticed Gobser's ghost (novice GnWn)
  1905 | D:4      | Killed taffy's ghost
  1905 | D:4      | Reached skill level 5 in Fighting
  1905 | D:4      | Reached skill level 6 in Axes
  1905 | D:4      | Reached XP level 7. HP: 46/61 MP: 7/7
  1924 | D:5      | Killed Gobser's ghost
  1924 | D:5      | Reached skill level 7 in Axes
  1924 | D:5      | Reached XP level 8. HP: 26/69 MP: 8/8
  2954 | D:3      | Slain by an orc warrior

Skill      XL: |  1  2  3  4  5  6  7 |
---------------+----------------------+-----
Axes           | 3 4 6 7 |  7.4
Fighting       | 4 5 |  5.7
Armour         | 4 5 6 |  6.6
Shields        | 4 5 6 |  6.6
Evocations     | |  0.4

Action                   |  1- 3 |  4- 6 |  7- 9 || total
-------------------------+-------+-------+-------++-------
Melee: War axe           |    92 |   115 |   104 ||   311
       Short sword       |    19 |       |       ||    19
  Use: Potion            |     1 |     4 |     2 ||     7
       Scroll            |       |     3 |       ||     3
  Eat: Chunk             |       |     5 |    11 ||    16
Armor: Scale mail        |    67 |    70 |    28 ||   165
Dodge: Dodged            |    45 |    39 |    32 ||   116
Block: Shield            |    82 |    48 |    43 ||   173
